 Dungeon Crawl Stone Soup version 0.24.1-4-ge52af88ad5 (webtiles) character file.

Game seed: 13739681359007278827, levelgen mode: deterministic

149 Curus the Distorting Demonspawn (level 5, -3/41 HPs)
             Began as a Demonspawn Abyssal Knight on Apr 21, 2020.
             Was a Believer of Lugonu.
             Slain by a quokka (4 damage)
             ... on level 3 of the Dungeon.
             The game lasted 00:11:30 (1755 turns).

Curus the Distorting Demonspawn (DsAK)              Turns: 1755, Time: 00:11:30

Health: -3/41      AC:  8    Str: 16 (17) XL:     5   Next: 9%
Magic:  0/8        EV: 11    Int: 11 (13) God:    Lugonu [**....]
Gold:   60         SH:  0    Dex: 11 (14) Spells: 4/4 levels left

rFire    . . .     SeeInvis .   a - +1 falchion
rCold    . . .     Gourm    .   (no shield)
rNeg     . . .     Faith    .   b - +0 leather armour
rPois    .         Spirit   +   (helmet restricted)
rElec    .         Reflect  .   (no cloak)
rCorr    .         Harm     .   d - +0 pair of gloves
MR       .....                  (no boots)
Stlth    +.........             (no amulet)
HPRegen  0.13/turn              f - +2 ring of protection
MPRegen  0.11/turn              (no ring)

@: mighty
A: horns 1, iridescent scales 1, powered by death 1, magic shield
a: Depart the Abyss, Bend Space, Renounce Religion


You were on level 3 of the Dungeon.
You worshipped Lugonu.
Lugonu was pleased with you.
You were not hungry.

You visited 1 branch of the dungeon, and saw 3 of its levels.
You visited the Abyss 1 time.

You collected 60 gold pieces.

Inventory:

Hand Weapons
 a - a +1 falchion (weapon)
Armour
 b - a +0 leather armour (worn)
 d - a +0 pair of gloves (worn)
Jewellery
 f - a +2 ring of protection (left hand)
Scrolls
 g - a scroll of remove curse
 h - 4 scrolls of identify
 j - a scroll of teleportation
Comestibles
 c - 7 rations


   Skills:
 - Level 3.0 Fighting
 + Level 3.6 Long Blades
 - Level 1.7 Armour
 - Level 0.8 Dodging
 + Level 5.1 Invocations


You had 4 spell levels left.
You didn't know any spells.
Your spell library was empty.

Dungeon Overview and Level Annotations

Branches:
Dungeon (3/15)

Altars:
Kikubaaqudgha
Nemelex Xobeh


Innate Abilities, Weirdness & Mutations

You have a pair of small horns on your head.
You are partially covered in iridescent scales. (AC +2)
You regenerate a little health from kills.
When hurt, damage is shared between your health and your magic reserves.


Message History

Lugonu accepts your kill.
You have reached level 5!
Your demonic ancestry asserts itself...
Iridescent scales grow over part of your body.
The gnoll hits you from afar with a +0 spear!
* * * LOW HITPOINT WARNING * * *
The gnoll hits you with a +0 spear.
* * * LOW HITPOINT WARNING * * *
You see here a cursed -2 short sword.
You slash the gnoll!
The gnoll is severely wounded.
The gnoll hits you with a +0 spear.
* * * LOW HITPOINT WARNING * * *
The gnoll barely misses you.
You hit the gnoll.
You kill the gnoll!
Lugonu accepts your kill.
You feel your strength returning. The quokka bites you.
You die...

..........................
##.#.####.######.#########
#.#†# ###.####### #.#.#
#.........# #.#.#
#.........# ##.#.###
#.........# .......#
###.####### ..#....# #.#
#(#....# #@# #.#....# #r#
#.#....# #.# #.###..#
#.....r.. #.# #.#
......### #.# .# ######g#
#.# # #.# ..#.# #.# #.#.#


You could see a quokka.

Vanquished Creatures
  A scorpion (D:3)
  2 gnolls (D:3)
  An adder (D:2)
  An ooze (D:1)
  2 worms
  A dart slug (D:1)
  3 leopard geckos (D:1)
  2 giant cockroaches
  6 goblins
  7 hobgoblins
  4 jackals (D:2)
  9 kobolds
  3 quokkas (D:2)
  7 bats
  3 rats
52 creatures vanquished.

Notes
Turn   | Place    | Note
-------+----------+-------------------------------------------
     0 | Abyss:1  | Curus the Demonspawn Abyssal Knight began the quest for the
                  | Orb.
     0 | Abyss:1  | Reached XP level 1. HP: 18/18 MP: 2/2
    50 | Abyss:1  | Noticed an ancient zyme
    51 | D:1      | Escaped the Abyss
    99 | D:1      | Reached * piety under Lugonu
   188 | D:1      | Reached skill level 3 in Invocations
   188 | D:1      | Gained mutation: You have a pair of small horns on your
                  | head. [demonic ancestry]
   188 | D:1      | Reached XP level 2. HP: 19/24 MP: 2/4
   383 | D:1      | You fall into a shaft and drop 1 floor!
   406 | D:2      | Gained mutation: When hurt, damage is shared between your
                  | health and your magic reserves. [demonic ancestry]
   406 | D:2      | Reached XP level 3. HP: 17/29 MP: 5/5
   615 | D:1      | Reached skill level 4 in Invocations
   722 | D:2      | Found an ancient bone altar of Kikubaaqudgha.
  1174 | D:2      | Reached ** piety under Lugonu
  1443 | D:2      | Gained mutation: You regenerate a little health from kills.
                  | [demonic ancestry]
  1443 | D:2      | Reached XP level 4. HP: 32/35 MP: 5/7
  1612 | D:3      | Found a sparkling altar of Nemelex Xobeh.
  1716 | D:3      | Reached skill level 5 in Invocations
  1752 | D:3      | Gained mutation: You are partially covered in iridescent
                  | scales. (AC +2) [demonic ancestry]
  1752 | D:3      | Reached XP level 5. HP: 12/41 MP: 3/8
  1754 | D:3      | HP: 1/41 [gnoll/+0 spear (4)]
  1755 | D:3      | Slain by a quokka

Levels and vault maps discovered:
D:1:      dpeg_arrival_chambers_temple_mockup, layout_basic, serial_bayou_pond_c
D:2:      layout_loops_cross, lemuel_round_altar, minmay_split_cup_small
D:3:      layout_basic, nemelex_spade_bored_becter

Skill      XL: |  1  2  3  4 |
---------------+-------------+-----
Long Blades    | 2 3 |  3.6
Invocations    | 3 4 5 |  5.1
Fighting       | |  3.0
Armour         | |  1.7
Dodging        | |  0.8

Action                   |  1- 3 |  4- 6 || total
-------------------------+-------+-------++-------
Melee: Falchion          |   101 |    35 ||   136
       Headbutt          |     6 |     5 ||    11
Invok: Depart the Abyss  |     1 |       ||     1
  Use: Scroll            |     3 |       ||     3
       Potion            |     4 |     3 ||     7
  Eat: Chunk             |     1 |     2 ||     3
Armor: Leather armour    |    36 |     8 ||    44
Dodge: Dodged            |    65 |    19 ||    84
       Rpst.: Falchion   |    24 |     4 ||    28
